 Zot Defence DCSS version 0.14-a0-3367-g7c2a7eb (webtiles) character file.

65 Froboctopus the Grave Robber (level 3, 0/26 HPs)
             Began as a Lava Orc Necromancer on Mar 19, 2014.
             Succumbed to an adder's poison
             ... in the Realm of Zot (Scenario I: Hall of Zot).
             The game lasted 00:02:30 (503 turns).

Froboctopus the Grave Robber (Lava Orc Necromancer)  Turns: 503, Time: 00:02:30

HP   0/26        AC  4     Str 10      XL: 3   Next: 94%
MP   0/6         EV 12     Int 16      God:
Gold 0           SH  0     Dex 11      Spells:  3 memorised,  0 levels left

rFire  + . .     SeeInvis .     c - +0 dagger
rCold  . . .     Clarity  .     a - +0 robe
rNeg   . . .     Conserve .     (no shield)
rPois  .         rCorr    .     (no helmet)
rElec  .         rRot     .     (no cloak)
SustAb . .       Spirit   .     (no gloves)
rMut   .         Warding  .     (no boots)
Saprov + . .     Stasis   .     (no amulet)
MR     .....                    (no ring)
                                (no ring)

@: lethally poisoned, very slightly contaminated, not resistant to hostile
enchantments, unstealthy
A: conserve scrolls, saprovore 1
a: Make dart trap, Make oklob sapling, Make arrow trap


You were in the Realm of Zot.
You were not hungry.

You visited 1 branch

Inventory:

Hand weapons
 c - a +0,+0 dagger (weapon)
Armour
 a - a +0 robe (worn)
Comestibles
 d - a meat ration
 h - a chunk of giant newt flesh
Scrolls
 i - a scroll of blinking
Potions
 f - a potion of haste
 g - 2 potions of magic
Books
 b - a book of Necromancy

   Spells                             Type                      Level
   *Pain                              Necromancy                   1
   Animate Skeleton                   Necromancy                   1
   *Lethal Infusion                   Charms/Necromancy            2
   Vampiric Draining                  Necromancy                   3
   *Regeneration                      Charms/Necromancy            3
   Animate Dead                       Necromancy                   4
   Control Undead                     Necromancy                   4


   Skills:
 + Level 1.7 Dodging
 - Level 1.5 Stealth
 * Level 2.3 Spellcasting
 * Level 4.8 Necromancy


You couldn't memorise any spells.
You knew the following spells:

 Your Spells              Type           Power        Failure   Level  Hunger
a - Pain                  Necr           ###.         3%          1    #......
b - Lethal Infusion       Chrm/Necr      #.........   12%         2    ##.....
c - Regeneration          Chrm/Necr      #.........   21%         3    ####...


Dungeon Overview and Level Annotations

Branches:
    Zot (1/1)

Altars:


Innate Abilities, Weirdness & Mutations

You have stony skin.
Your flesh is heat resistant.
Your flesh is vulnerable to cold.
Your heat harms attackers.
You bathe your surroundings in blazing heat.
You are too hot to use scrolls.
You are very good at protecting items from fire.
You can tolerate rotten meat.


Message History

You hit the adder.
The adder is moderately wounded.
The adder closely misses you.
Casting: Pain
Confirm with . or Enter, or press ? or * to list all spells.
Aiming: Pain
Press: ? - help, Shift-Dir - straight line, f/p - adder
Aim: an adder (moderately wounded)
The adder convulses in agony!
The adder closely misses you. The adder bites you.
* * * LOW HITPOINT WARNING * * *
You miss the adder.
The adder is moderately wounded.
The adder bites you.
* * * LOW HITPOINT WARNING * * *
You are lethally poisoned!
The adder poisons you!
You miss the adder.
The adder is moderately wounded.
You die...

######### ######### ....####
####.... .......### ###.......
.........## ##.........
..........# ▓▓▓▓▓▓▓▓▓ #..........
..........▓▓▓.......▓▓▓..........
..........▓▓.........▓▓..........
..........▓...........▓..........
...............%@S%)%............
........P.▓......%....▓..........
..........▓▓.........▓▓..........
..........▓▓▓.......▓▓▓..........
..........▓ ▓▓▓▓▓▓▓▓▓ ▓..........
.........▓▓ ▓▓.........
.......▓▓▓ ▓▓▓....... ....▓▓▓▓
▓▓▓▓.... ▓▓▓▓▓▓▓▓ ▓▓▓▓▓▓▓▓


You could see an adder and a friendly oklob sapling.

Vanquished Creatures
  4 oozes (Zot)
  3 goblins (Zot)
  3 kobolds (Zot)
  A ball python (Zot)
  6 bats (Zot)
  2 giant newts (Zot)
  8 rats (Zot)
27 creatures vanquished.

Vanquished Creatures (collateral kills)
  A goblin (Zot)
  3 bats (Zot)
  A rat (Zot)
5 creatures vanquished.

Grand Total: 32 creatures vanquished

Notes
Turn   | Place    | Note
--------------------------------------------------------------
     0 | Zot      | Froboctopus, the Lava Orc Necromancer, began the quest for the Orb.
     0 | Zot      | Reached XP level 1. HP: 14/14 MP: 2/2
   230 | Zot      | Reached XP level 2. HP: 2/20 MP: 0/3
   246 | Zot      | HP: 1/20 [rat (2)]
   259 | Zot      | Learned a level 2 spell: Lethal Infusion
   318 | Zot      | Reached XP level 3. HP: 10/26 MP: 1/6
   481 | Zot      | Learned a level 3 spell: Regeneration
   502 | Zot      | HP: 1/26 [adder (5)]
   503 | Zot      | Succumbed to an adder's poison

Action                   || total
-------------------------++-------
Melee: Unarmed           ||    24
       Dagger            ||    26
 Cast: Pain              ||    24
 Abil: Make oklob saplin ||     1
  Use: Potion            ||     5
